Map: 옥사이드 - 래더

Players

Stats - Winner!

  • Race: Protoss Protoss
  • Spawn Location: 7:00

Reynor

  • Race: Zerg Zerg
  • Spawn Location: 1:00

Event: StayAtHome Story Cup #3

VOD

Have the link to the VOD?

Description

Time

  • Played on: March 12, 2021, 8:19 a.m.
  • Length: 15:50

All games in this series

Show
View Real Time Build Order
Export as new Build Order

Stats Protoss - Winner!

Build Orders: 1 Gate Expand, Oracle Opening 

Get SALT Encoding   

  12  0:00  Probe  
  13  0:12  Probe  
  14  0:19  Pylon  
  14  0:24  Probe  
  15  0:37  Probe (Chrono Boost)  
  15  0:41  Gateway  
  16  0:46  Probe (Chrono Boost)  
  16  0:49  Assimilator  
  17  0:51  Probe (Chrono Boost)  
  18  1:03  Probe  
  19  1:15  Probe  
  20  1:26  Nexus  
  20  1:36  Cybernetics Core  
  20  1:39  Probe  
  21  1:45  Assimilator  
  21  1:51  Probe  
  22  1:55  Pylon  
  22  2:03  Probe (Chrono Boost)  
  23  2:10  Adept (Chrono Boost)  
  23  2:15  Probe (Chrono Boost)  
  26  2:18  Stargate  
  26  2:24  Probe (Chrono Boost)  
  26  2:27  Warp Gate  
  26  2:29  Probe  
  27  2:32  Adept (Chrono Boost)  
  30  2:40  Probe  
  30  2:42  Probe  
  32  2:52  Probe  
  32  2:53  Adept (Chrono Boost)  
  32  2:54  Probe  
  32  2:57  Void Ray (Chrono Boost)  
  36  3:04  Probe  
  41  3:07  Probe  
  42  3:14  Pylon  
  42  3:21  Probe x2  
  44  3:31  Gateway  
  44  3:34  Probe x2 (Chrono Boost), Oracle  
  44  3:37  Assimilator  
  44  3:39  Assimilator  
  47  3:46  Probe (Chrono Boost)  
  47  3:48  Pylon  
  49  3:52  Probe (Chrono Boost)  
  49  3:54  Probe (Chrono Boost)  
  50  3:58  Probe (Chrono Boost)  
  51  4:03  Stargate  
  51  4:04  Probe  
  52  4:10  Probe  
  52  4:16  Probe, Pylon  
  54  4:21  Void Ray (Chrono Boost)  
  54  4:23  Probe  
  55  4:29  Probe  
  60  4:32  Protoss Air Weapons Level 1  
  60  4:35  Nexus  
  60  4:37  Pylon  
  60  4:42  Void Ray (Chrono Boost)  
  60  4:43  Probe x2  
  66  4:55  Probe, Void Ray (Chrono Boost)  
  66  4:56  Probe  
  68  5:00  Shield Battery  
  72  5:07  Probe  
  72  5:08  Probe, Pylon  
  74  5:20  Probe x2, Void Ray  
  76  5:25  Void Ray  
  76  5:26  Shield Battery  
  80  5:30  Pylon  
  80  5:33  Probe x2  
  86  5:45  Robotics Facility  
  86  5:46  Probe (Chrono Boost)  
  86  5:47  Probe (Chrono Boost)  
  88  5:50  Probe (Chrono Boost)  
  88  5:52  Assimilator  
  88  5:54  Assimilator  
  91  5:57  Void Ray  
  91  5:59  Probe x2 (Chrono Boost)  
  91  6:01  Probe (Chrono Boost)  
  91  6:04  Probe x2 (Chrono Boost), Void Ray (Chrono Boost)  
  96  6:06  Probe (Chrono Boost)  
  96  6:10  Pylon  
  103  6:13  Probe x2  
  103  6:14  Forge  
  105  6:19  Pylon  
  105  6:24  Pylon  
  105  6:29  Shield Battery  
  105  6:31  Void Ray (Chrono Boost)  
  105  6:32  Shield Battery  
  105  6:33  Shield Battery  
  105  6:36  Shield Battery  
  105  6:39  Shield Battery  
  105  6:41  Shield Battery  
  113  6:47  Void Ray (Chrono Boost), Sentry x2  
  117  7:00  Photon Cannon  
  117  7:01  Photon Cannon, Void Ray (Chrono Boost)  
  117  7:04  Photon Cannon  
  119  7:17  Zealot x2, Void Ray (Chrono Boost)  
  121  7:35  Photon Cannon  
  121  7:36  Void Ray (Chrono Boost)  
  119  7:39  Photon Cannon x2  
  119  7:41  Immortal  
  119  7:42  Pylon  
  119  7:43  Zealot x2  
  131  7:49  Void Ray (Chrono Boost)  
  124  7:55  Probe x3  
  119  7:59  Pylon  
  119  8:04  Adept x2  
  113  8:09  Void Ray  
  106  8:20  Immortal  
  106  8:25  Zealot x2  
  110  8:35  Probe x2 (Chrono Boost)  
  110  8:37  Probe (Chrono Boost)  
  97  8:47  Probe x2 (Chrono Boost)  
  94  8:50  Adept x2  
  94  8:52  Probe (Chrono Boost)  
  94  8:53  Probe x2 (Chrono Boost)  
  95  8:59  Probe  
  96  9:04  Probe x2, Shield Battery  
  96  9:05  Protoss Ground Weapons Level 1  
  96  9:06  Twilight Council  
  96  9:09  Gateway  
  98  9:10  Adept  
  98  9:11  Probe, Gateway, Adept  
  103  9:20  Void Ray (Chrono Boost)  
  103  9:21  Probe x2, Void Ray (Chrono Boost)  
  103  9:23  Probe  
  108  9:39  Probe x3  
  108  9:40  Sentry  
  108  9:41  Adept  
  111  9:53  Void Ray x2  
  111  9:57  Pylon  
  106  10:04  Probe x3  
  109  10:13  Pylon  
  109  10:19  Probe x2  
  109  10:21  Charge  
  111  10:24  Gateway  
  111  10:26  Gateway  
  107  10:28  Gateway  
  107  10:31  Gateway  
  99  10:40  Stalker x2  
  103  10:46  Templar Archives, Zealot x2  
  103  10:48  Gateway  
  107  10:50  Observer (Chrono Boost)  
  107  10:51  Gateway  
  107  10:56  Shield Battery  
  108  10:57  Probe x3  
  108  11:01  Protoss Ground Weapons Level 2 (Chrono Boost)  
  108  11:02  Photon Cannon  
  111  11:04  Zealot x2  
  115  11:28  Psionic Storm  
  115  11:30  Immortal (Chrono Boost)  
  119  11:41  High Templar x3  
  119  11:42  High Templar x3, Zealot x2  
  135  12:00  Immortal (Chrono Boost)  
  131  12:18  High Templar  
  131  12:19  High Templar x3, Zealot  
  131  12:20  Zealot x3  
  147  12:27  Shield Battery  
  147  12:30  Nexus  
  147  12:33  Pylon  
  147  12:35  Pylon  
  147  12:47  Immortal (Chrono Boost)  
  147  12:53  Observer  
  147  12:55  Zealot x6  
  147  12:56  Zealot  
  132  13:09  Archon  
  132  13:12  Zealot  
  132  13:16  Zealot x7  
  144  13:23  Immortal (Chrono Boost)  
  148  13:28  Probe x3  
  145  13:42  Photon Cannon, High Templar x4  
  145  13:43  Shield Battery, Zealot x2  
  157  13:48  Probe  
  157  13:49  Probe x2  
  157  13:51  Assimilator  
  157  13:52  Assimilator  
  144  14:10  Immortal (Chrono Boost)  
  144  14:13  Zealot x4  
  152  14:21  Probe x2  
  152  14:22  Probe x2  
  146  14:40  Archon x2  
  146  14:42  High Templar  
  146  14:43  High Templar x3  
  142  14:57  Immortal (Chrono Boost)  
  142  14:58  Zealot x4  
  150  15:04  Nexus  
  150  15:05  Pylon  
  154  15:07  Pylon  
  135  15:21  Zealot x8  
  145  15:39  Archon x2  
  145  15:40  Archon  
Show
View Real Time Build Order
Export as new Build Order

Reynor Zerg 

Build Orders: Hatch First, Lurkers 

Get SALT Encoding   

  12  0:00  Drone  
  13  0:12  Overlord  
  13  0:17  Drone  
  14  0:30  Drone x2  
  16  0:43  Drone  
  17  0:52  Hatchery  
  17  0:56  Drone  
  17  1:00  Drone  
  18  1:10  Extractor  
  17  1:14  Spawning Pool  
  16  1:18  Drone  
  16  1:20  Drone  
  18  1:28  Drone  
  19  1:38  Drone  
  20  1:48  Overlord  
  20  2:02  Queen  
  20  2:04  Drone x2  
  20  2:05  Queen  
  26  2:13  Zergling x2  
  26  2:14  Drone  
  28  2:21  Drone, Metabolic Boost  
  29  2:26  Drone  
  30  2:36  Zergling x2  
  31  2:41  Hatchery  
  30  2:44  Zergling x2  
  30  2:45  Drone  
  30  2:51  Queen  
  34  2:55  Overlord  
  34  3:00  Zergling x2  
  34  3:04  Zergling x2  
  36  3:12  Overlord  
  36  3:18  Drone x5  
  40  3:25  Queen  
  40  3:26  Drone  
  43  3:30  Overlord  
  43  3:36  Overlord  
  43  3:37  Queen  
  43  3:39  Drone  
  46  3:50  Overlord  
  46  3:51  Drone  
  46  3:53  Queen  
  48  3:55  Drone x2  
  48  3:56  Drone  
  48  3:57  Drone  
  48  3:59  Drone  
  53  4:04  Drone  
  53  4:05  Drone  
  53  4:08  Drone  
  53  4:09  Drone, Spore Crawler  
  56  4:11  Drone  
  56  4:13  Drone x2  
  59  4:17  Drone  
  59  4:21  Drone  
  59  4:22  Zergling x2  
  62  4:24  Zergling x4  
  62  4:26  Overlord  
  62  4:28  Drone  
  65  4:35  Drone, Queen  
  65  4:36  Drone x3  
  65  4:37  Drone  
  72  4:39  Overlord  
  71  4:46  Drone  
  71  4:47  Drone  
  71  4:48  Drone  
  74  4:53  Drone x2  
  74  4:54  Drone  
  74  4:56  Lair  
  74  4:58  Drone  
  74  4:59  Drone, Roach Warren  
  78  5:03  Drone  
  78  5:04  Drone x2  
  81  5:07  Evolution Chamber  
  81  5:09  Overlord  
  81  5:10  Drone x3  
  83  5:15  Extractor, Queen  
  83  5:16  Extractor x2, Drone  
  83  5:18  Drone x2  
  83  5:20  Drone  
  86  5:23  Drone x2  
  86  5:24  Drone x2  
  86  5:27  Drone  
  91  5:28  Extractor  
  91  5:30  Overlord  
  91  5:31  Overlord  
  91  5:32  Extractor  
  89  5:40  Drone x2  
  89  5:42  Queen  
  90  5:46  Overlord  
  92  5:50  Queen  
  92  5:54  Overlord  
  94  5:58  Queen  
  94  6:01  Overlord  
  95  6:05  Drone  
  95  6:07  Spore Crawler  
  95  6:08  Overlord  
  95  6:11  Nydus Network  
  94  6:16  Roach x2  
  94  6:17  Roach x9  
  94  6:18  Queen, Overlord  
  116  6:24  Roach x3  
  124  6:26  Overlord  
  124  6:30  Queen  
  126  6:32  Overlord  
  126  6:38  Ravager x6  
  126  6:39  Zergling x10  
  137  6:47  Nydus Canal  
  137  6:49  Ravager, Overlord  
  137  6:50  Zergling x4, Roach x2  
  137  6:51  Zergling x2  
  145  6:56  Zergling x8  
  145  6:57  Ravager  
  145  6:58  Zergling x2, Roach  
  151  7:06  Roach  
  151  7:07  Ravager x2  
  151  7:08  Zergling x4, Roach  
  157  7:13  Zergling x2, Roach  
  155  7:20  Ravager  
  155  7:21  Ravager  
  155  7:22  Zergling x8, Roach  
  149  7:27  Ravager x2  
  149  7:28  Zergling x4, Roach x2  
  149  7:29  Queen x2  
  153  7:34  Zergling x6, Roach  
  152  7:40  Roach  
  152  7:44  Zergling x2, Roach  
  154  7:45  Queen  
  154  7:47  Overlord  
  154  7:50  Zergling x4, Roach  
  154  7:52  Zergling x2, Roach  
  154  7:55  Ravager x3  
  157  7:59  Zergling x6, Roach  
  157  8:04  Queen x2  
  161  8:06  Overseer, Roach  
  161  8:11  Roach x2  
  150  8:14  Ravager x2  
  150  8:15  Ravager x2  
  150  8:17  Zergling x6, Roach  
  152  8:24  Queen  
  143  8:27  Zergling x6, Roach  
  143  8:33  Roach  
  132  8:37  Zergling x2, Roach  
  132  8:40  Queen x2  
  132  8:41  Zergling x2  
  112  8:59  Roach x2  
  112  9:00  Queen, Zergling x14  
  123  9:07  Overlord  
  122  9:16  Queen x2  
  123  9:21  Drone x2, Hydralisk Den  
  123  9:23  Evolution Chamber  
  113  9:28  Overlord  
  111  9:35  Nydus Canal  
  111  9:36  Queen  
  113  9:40  Overlord  
  111  9:48  Spore Crawler  
  111  9:51  Queen  
  104  9:56  Hydralisk x9  
  104  10:00  Hydralisk  
  104  10:04  Hydralisk  
  104  10:05  Hydralisk  
  99  10:07  Hydralisk  
  99  10:08  Hydralisk  
  99  10:11  Queen  
  103  10:15  Hydralisk x5  
  103  10:20  Hydralisk x2  
  115  10:25  Hydralisk x2  
  115  10:27  Queen  
  117  10:34  Hydralisk x3  
  117  10:47  Hatchery, Queen  
  117  10:49  Muscular Augments  
  118  10:56  Hatchery  
  117  10:57  Zerg Missile Weapons Level 1  
  117  11:02  Hydralisk  
  119  11:05  Lurker Den  
  119  11:06  Hydralisk  
  119  11:07  Hydralisk  
  122  11:11  Hydralisk  
  124  11:20  Drone x6  
  124  11:22  Drone  
  131  11:31  Hydralisk x2  
  134  11:38  Hydralisk x2  
  138  11:41  Drone x2  
  138  11:45  Hydralisk  
  142  11:49  Hydralisk  
  142  11:53  Drone x2  
  146  12:07  Queen  
  145  12:09  Lurker x7  
  145  12:14  Hydralisk, Lurker x2  
  156  12:17  Drone x2  
  156  12:19  Hydralisk  
  160  12:24  Hydralisk x2  
  160  12:28  Queen  
  166  12:30  Lurker  
  166  12:32  Hydralisk  
  169  12:45  Hydralisk x4  
  169  12:50  Drone x5  
  182  12:52  Extractor  
  182  12:55  Roach x4  
  187  13:02  Roach x4  
  173  13:07  Hydralisk x3  
  157  13:14  Roach  
  157  13:18  Hydralisk x3  
  160  13:23  Roach  
  155  13:30  Queen  
  155  13:35  Lurker  
  155  13:37  Roach x3  
  162  13:42  Drone x2  
  162  13:43  Drone  
  165  13:49  Lurker  
  165  13:52  Hydralisk  
  168  13:56  Hydralisk  
  168  13:57  Zergling x12  
  168  13:59  Extractor  
  172  14:03  Hydralisk, Roach x2  
  169  14:10  Hydralisk x2  
  169  14:11  Zergling x4  
  169  14:14  Hydralisk  
  169  14:15  Zergling x2  
  178  14:20  Hydralisk  
  178  14:23  Queen  
  178  14:24  Overlord  
  182  14:25  Overlord  
  179  14:37  Hydralisk x5  
  173  14:40  Hydralisk  
  173  14:41  Hydralisk  
  151  14:46  Hydralisk  
  151  14:55  Hydralisk x2  
  151  14:56  Hydralisk, Zergling x2  
  158  15:00  Zergling x4  
  158  15:06  Lurker  
  161  15:07  Hydralisk  
  161  15:08  Zergling x6  
  161  15:13  Hydralisk  
  165  15:14  Zergling x4  
  165  15:18  Hydralisk  
  165  15:19  Zergling x4  
Tags
 
Add a new tag
Caveats
  • Supply blocks, unpowered buildings, or Contaminate may cause inaccurate times.
  • Supply counts are checked every 10 seconds.